 Dungeon Crawl Stone Soup version 0.29-a0-885-gb26ba3297d (webtiles) character file.

Game seed: 13142187907507212801

3150 IdlyInterested the Cudgeller (level 9, -1/74 HPs)
             Began as a Demonspawn Wanderer on July 20, 2022.
             Slain by a yak (12 damage)
             ... on level 8 of the Dungeon.
             The game lasted 00:36:16 (9318 turns).

IdlyInterested the Cudgeller (Demonspawn Wanderer)  Turns: 9318, Time: 00:36:17

Health: -1/74      AC: 10    Str: 14    XL:     9   Next: 62%
Magic:  8/16       EV: 15    Int: 27    God:
Gold:   392        SH:  0    Dex: 13    Spells: 14/18 levels left

rFire   . . .      SeeInvis .   x - +0 flail (vorpal)
rCold   . . .      Faith    .   (no shield)
rNeg    . . .      Spirit   .   h - +2 robe of the Meadowlark {Str+3}
rPois   .          Reflect  .   b - +2 helmet
rElec   .          Harm     .   t - +0 cloak
rCorr   .          Rampage  .   (no gloves)
Will    .....                   (no boots)
Stlth   ++........              (no amulet)
HPRegen 0.22/turn               f - +4 ring of evasion
MPRegen 0.15/turn               q - +6 ring of intelligence

@: no status effects
A: hooves 2, yellow scales 1, demonic magic 1, clever 1, robust 1, MP-powered
wands
a: no special abilities


You were on level 8 of the Dungeon.
You visited 2 branches of the dungeon, and saw 9 of its levels.

You collected 392 gold pieces.

Inventory:

Hand Weapons
 a - a +1 flail
 g - a +2 whip of freezing
 x - a +0 vorpal flail (weapon)
 y - a +1 whip of pain
Missiles
 s - 4 boomerangs of dispersal
Armour
 b - a +2 helmet (worn)
 h - the +2 robe of the Meadowlark (worn) {Str+3}
   (You found it on level 4 of the Dungeon)

   Str:       It affects your strength (+3).
 t - a +0 cloak (worn)
Magical Staves
 k - a staff of earth
Jewellery
 f - a +4 ring of evasion (left hand)
 q - a +6 ring of intelligence (right hand)
 v - a +4 ring of protection
Wands
 p - a wand of flame (68)
 A - a wand of iceblast (14)
Scrolls
 c - a scroll of blinking
Potions
 d - a potion of invisibility
 e - a potion of magic
 i - a potion of mutation
 j - 4 potions of curing
 l - 2 potions of heal wounds
 m - a potion of attraction
 n - a potion of lignification
 o - a potion of might
 r - a potion of flight
 z - a potion of brilliance


   Skills:
 * Level 5.1 Fighting
 + Level 6.5(7.3) Maces & Flails
 + Level 5.2(6.7) Staves
 - Level 1.0 Throwing
 - Level 1.0 Armour
 - Level 1.0 Dodging
 - Level 1.0 Stealth
 - Level 5.0 Spellcasting
 - Level 4.0 Conjurations
 - Level 4.0 Hexes
 * Level 1.0 Necromancy
 - Level 3.0 Air Magic
 - Level 2.0 Earth Magic
 - Level 2.0 Evocations


You had 14 spell levels left.
You knew the following spells:

 Your Spells              Type           Power      Damage    Failure   Level
a - Shock                 Conj/Air       100%       1d9       1%          1
b - Dazzling Flash        Conj/Hex       56%        N/A       4%          3

Your spell library contained the following spells:

 Spells                   Type           Power      Damage    Failure   Level
 Summon Guardian Golem    Hex/Summ       17%        N/A       10%         3
 Hailstorm                Conj/Ice       17%        3d6       30%         4
 Ice Form                 Ice/Tmut       6%         N/A       56%         4
 Simulacrum               Ice/Necr       4%         N/A       100%        6
 Orb of Destruction       Conj           14%        9d7       100%        7
 Spellforged Servitor     Conj/Summ      8%         N/A       100%        7


Dungeon Overview and Level Annotations

Branches:
Dungeon (8/15)             Temple (1/1) D:5
   Lair: D:8-11

Altars:
Ashenzari
Cheibriados
Fedhas
Gozag
Makhleb
Nemelex Xobeh
Okawaru
Qazlal
Ru
Sif Muna
Trog
Uskayaw
Vehumet
Wu Jian
Xom
Yredelemnul

Shops:
D:6 =


Innate Abilities, Weirdness & Mutations

You have hoof-like feet.
You are partially covered in yellow scales. (AC +2)
Spells you cast may paralyse adjacent enemies.
Your mind is acute. (Int +4, Str/Dex -1)
You are robust. (+10% HP)
You expend magic power (3 MP) to strengthen your wands.


Message History

The yak is almost dead.
The orc misses you. The yak gores you. The orc barely misses you.
The yak completely misses you. The yak gores you!
You hit the yak but do no damage.
The yak is almost dead.
The orc hits you but does no damage. The orc closely misses you.
The yak gores you. The yak barely misses you. The yak closely misses you.
Casting: Dazzling Flash (dangerous; 4% risk of failure)
Confirm with . or Enter, or press ? or * to list all spells.
Casting: Dazzling Flash (dangerous; 4% risk of failure)
Press: ? - help, Dir - look around, f - activate The orc is dazzled.
The yak is dazzled.
Malevolent energies surge around you.
The orc suddenly stops moving!
The yak suddenly stops moving!
The orc suddenly stops moving!
The yak misses you. x2
The helpless orc fails to defend itself.
You sock the orc!
You kill the orc!
The yak barely misses you. The yak gores you but does no damage.
The helpless orc fails to defend itself.
You thump the orc!
You kill the orc!
The yak closely misses you. The yak misses you.
The helpless yak fails to defend itself.
You hit the yak. You kick the yak, but do no damage.
The yak is moderately wounded.
The yak is no longer paralysed.
The yak closely misses you. The yak barely misses you. The yak misses you.
You hit the yak. You kick the yak.
The yak is heavily wounded.
The yak gores you! x2
* * * LOW HITPOINT WARNING * * *
You hit the yak.
You kill the yak!
The yak gores you.
* * * LOW HITPOINT WARNING * * *
Your Necromancy skill increases to level 1!
You hit the yak. You kick the yak, but do no damage.
The yak is moderately wounded.
The yak is no longer blind.
The yak gores you!
You die...

#...........≈≈≈≈...
#........##...≈≈...
#........##........
#........##.......#
#...###############
#.).# # #...# # .
#.YY##....
#.@†)....#
#.))..>..'.
#....!...##
.........#
#.........#
#.........#
.....#....#
......#....#


You could see 2 yaks.

Vanquished Creatures
  Pikel (D:5)
  Grinder (D:3)
  A yak (D:8)
  Menkaure (D:7)
  Duvessa (D:6)
  An ice beast (D:5)
  2 black bears
  A centaur (D:6)
  2 ogres
  A phantom (D:6)
  2 bullfrogs
  A gnoll sergeant (D:7)
  A necrophage (D:6)
  Dowan (D:6)
  5 killer bees (D:7)
  5 hounds
  3 jellies
  5 orc priests
  Jessica (D:3)
  Terence (D:3)
  2 iguanas (D:4)
  9 orc wizards
  Robin (D:3)
  12 gnolls
  8 adders
  A shadow imp (D:5)
  2 white imps
  4 ufetubi
  4 worms (D:2)
  A dart slug (D:3)
  41 orcs
  9 endoplasms
  A giant cockroach (D:4)
  13 goblins
  7 hobgoblins
  3 jackals (D:2)
  5 quokkas
  4 ball pythons
  3 bats
  4 frilled lizards
  9 kobolds
  6 rats
186 creatures vanquished.

Notes
Turn   | Place    | Note
-------+----------+-------------------------------------------
     0 | D:1      | IdlyInterested the Demonspawn Wanderer began the quest for
                  | the Orb.
     0 | D:1      | IdlyInterested set off with the following items: a +0
                  | flail, a +0 helmet, a scroll of blinking, a +0 robe; and
                  | the following spell memorised: Shock; and the following
                  | spells available to memorise: Dazzling Flash.
     0 | D:1      | Reached XP level 1. HP: 13/13 MP: 2/2
   324 | D:1      | Gained mutation: You have large cloven feet. [demonic
                  | ancestry]
   324 | D:1      | Reached XP level 2. HP: 15/20 MP: 0/3
   472 | D:1      | Found a faded altar of an unknown god.
   491 | D:1      | Reached skill level 1 in Fighting
  1215 | D:2      | Reached skill level 4 in Maces & Flails
  1215 | D:2      | Gained mutation: Spells you cast may paralyse adjacent
                  | enemies. [demonic ancestry]
  1215 | D:2      | Reached XP level 3. HP: 23/26 MP: 2/4
  1341 | D:2      | Reached skill level 1 in Dodging
  1440 | D:2      | Learned a level 3 spell: Dazzling Flash
  1515 | D:2      | Reached skill level 1 in Evocations
  1518 | D:2      | Gained mutation: You are partially covered in yellow
                  | scales. (AC +2) [demonic ancestry]
  1518 | D:2      | Reached XP level 4. HP: 17/33 MP: 1/5
  1835 | D:2      | Found a radiant altar of Vehumet.
  2025 | D:3      | Noticed Jessica
  2033 | D:3      | Noticed Terence
  2036 | D:3      | Killed Jessica
  2059 | D:3      | Killed Terence
  2060 | D:3      | Reached skill level 1 in Staves
  2060 | D:3      | Reached XP level 5. HP: 10/38 MP: 0/7
  2336 | D:3      | Found a stormy altar of Qazlal.
  2357 | D:3      | Noticed Robin
  2370 | D:3      | Killed Robin
  2484 | D:3      | Reached skill level 1 in Air Magic
  2784 | D:3      | Noticed Grinder
  2800 | D:3      | Paralysed by Grinder for 4 turns
  2805 | D:3      | Killed Grinder
  2806 | D:3      | Gained mutation: You have hoof-like feet. [demonic
                  | ancestry]
  2806 | D:3      | Reached XP level 6. HP: 12/44 MP: 5/10
  3295 | D:3      | Found a sacrificial altar of Ru.
  3301 | D:3      | Found a bloodstained altar of Trog.
  3307 | D:3      | Found a hide-covered altar of Uskayaw.
  3315 | D:3      | Found a shimmering blue altar of Sif Muna.
  3327 | D:3      | Found a broken altar of Ashenzari.
  3335 | D:3      | Found a basalt altar of Yredelemnul.
  3626 | D:4      | Identified the +2 robe of the Meadowlark {Str+3}
  4108 | D:4      | Reached XP level 7. HP: 44/50 MP: 11/11
  4475 | D:4      | Reached skill level 5 in Maces & Flails
  4759 | D:5      | Entered Level 5 of the Dungeon
  4946 | D:5      | Reached skill level 1 in Throwing
  5287 | D:5      | Found a staircase to the Ecumenical Temple.
  5289 | D:5      | Noticed Pikel
  5306 | D:5      | Killed Pikel
  5307 | D:5      | Reached XP level 8. HP: 44/60 MP: 8/12
  5476 | Temple   | Entered the Ecumenical Temple
  5887 | D:5      | Reached skill level 1 in Hexes
  6893 | D:6      | Found Yduumum's Jewellery Shop.
  6913 | D:6      | Noticed Duvessa
  6915 | D:6      | Noticed Dowan
  6944 | D:6      | Killed Duvessa
  6949 | D:6      | Killed Dowan
  6950 | D:6      | Reached XP level 9. HP: 46/65 MP: 10/15
  7056 | D:6      | Gained mutation: You expend magic power (3 MP) to
                  | strengthen your wands. [potion of mutation]
  7056 | D:6      | Gained mutation: Your mind is acute. (Int +4, Str/Dex -1)
                  | [potion of mutation]
  7056 | D:6      | Gained mutation: You are robust. (+10% HP) [potion of
                  | mutation]
  7102 | D:6      | Reached skill level 6 in Maces & Flails
  7866 | D:7      | Noticed Menkaure
  7877 | D:7      | Killed Menkaure
  8280 | D:7      | Reached skill level 5 in Spellcasting
  8596 | D:7      | Reached skill level 5 in Staves
  9299 | D:8      | Reached skill level 5 in Fighting
  9318 | D:8      | Reached skill level 1 in Necromancy
  9318 | D:8      | Slain by a yak

Illustrated notes

Levels and vault maps discovered:
D:1:      ncdulo_halloftheorcs, layout_basic, basic_ecumenical_altar,
          hangedman_decor_growths
D:2:      kennysheep_six_static_rooms, layout_rooms, basic_altar
D:3:      layout_loops_ring, mainiacjoe_overflow_small_starburst,
          grunt_temple_overflow_octagram, uniq_robin, uniq_terence,
          uniq_grinder, uniq_jessica
D:4:      layout_loops_ring
D:5:      layout_basic, minmay_temple_entry_purple_smoke, minivault_19,
          grunt_decor_resistance, uniq_pikel
D:6:      layout_loops_ring, serial_shops, shop, uniq_duvessa
D:7:      layout_basic, uniq_menkaure
D:8:      layout_basic, nicolae_dithmenos_through_a_glass_darkly,
          lemuel_mausoleum_altar_kikubaaqudgha, uniq_psyche
Temple:   grunt_temple_mini_profane

Skill      XL: |  1  2  3  4  5  6  7  8  9 |
---------------+----------------------------+-----
Fighting       | 1 2 4 5 |  5.1
Maces & Flails | 4 5 6 |  6.5
Dodging        | 1 |  1.0
Evocations     | 1 2 |  2.0
Staves         | 1 2 4 5 |  5.2
Spellcasting   | 2 3 4 5 |  5.0
Air Magic      | 2 3 |  3.0
Throwing       | 1 |  1.0
Earth Magic    | 2 |  2.0
Hexes          | 3 4 |  4.0
Conjurations   | 4 |  4.0
Necromancy     | 1 |  1.0
Armour         | |  1.0
Stealth        | |  1.0

Action                   |  1- 3 |  4- 6 |  7- 9 || total
-------------------------+-------+-------+-------++-------
Melee: Flail             |    88 |   133 |   306 ||   527
       Kick              |    14 |    39 |    98 ||   151
       Punch             |     1 |     1 |     1 ||     3
 Cast: Shock             |    23 |    14 |    77 ||   114
       Dazzling Flash    |       |       |     5 ||     5
  Use: Scroll            |     5 |     4 |     9 ||    18
       Potion            |       |       |     2 ||     2
 Stab: Sleeping          |     4 |     1 |       ||     5
       Paralysed         |     9 |    11 |    40 ||    60
       Invisible         |       |       |     1 ||     1
Armor: Robe              |    17 |     8 |   117 ||   142
       Leather armour    |    25 |       |       ||    25
       Ring mail         |       |    27 |       ||    27
       Scale mail        |       |    35 |       ||    35
Dodge: Dodged            |    87 |    93 |   236 ||   416

Table legend: (Time is in decaauts)
 A = Elapsed time spent in this place.
 B = Non-inter-level travel time spent in this place.
 C = Inter-level travel time spent in this place.
 D = Time resting spent in this place.
 E = Time spent auto-exploring this place.
 F = Levels seen in this place.
 G = Mean time per level.
                   A        B        C        D        E       F      G
               +--------+--------+--------+--------+--------+-----+--------+
         Total |   9385 |   8373 |   1012 |   2792 |   3755 |   9 | 1042.8 |
       Dungeon |   9164 |   8195 |    969 |   2792 |   3581 |   8 | 1145.5 |
        Temple |    220 |    177 |     43 |      0 |    174 |   1 |  220.0 |
               +--------+--------+--------+--------+--------+-----+--------+

Top non-repeatable levels by time:
     D:7: 1651 daAuts
     D:3: 1377 daAuts
     D:5: 1342 daAuts
     D:1: 1289 daAuts
     D:4: 1178 daAuts
     D:6: 1150 daAuts
     D:2: 1029 daAuts
  Temple: 220 daAuts
     D:8: 145 daAuts
